AoeStats
← lex.18.1985gs

African Clearing

510594687Analyzed
2v2 RM · 20h ago on Oct 1, 2026· 60m 48s· 4 players
Game mode
Random Map
Map size
Medium (4 player)
Population
200
Speed
Normal
Resources
Standard
Victory
Conquest
Starting age
Dark Age
Ending age
Imperial Age
RankedLock teamsTeams togetherTeam positionsShared explorationLock speedFull tech treeHidden civsTurbo modeCheats
Victory
Defeat
🇩🇪 Jurchens · Germany
462
+13
🇩🇪 Franks · Germany
462
+13
🇮🇳 Britons · India
420
-14
🇦🇷 Turks · Argentina
380
-12
karthiksandy19
20:00 Feudal Age
20:22 Man-at-Arms
20:49 Arson
22:21 Wheelbarrow
24:08 Gold Mining
24:09 Stone Mining
31:49 Castle Age
32:46 Hand Cart
33:09 Fletching
34:09 Bodkin Arrow
33:38 Long Swordsman
35:16 Padded Archer Armor
38:32 Horse Collar
42:20 Ballistics
42:18 Leather Archer Armor
42:03 Murder Holes
42:49 Gold Shaft Mining
42:41 Pikeman
44:03 Squires
44:26 Yeomen
44:26 Heavy Plow
44:49 Forging
44:40 Scale Mail Armor
46:43 Iron Casting
47:43 Chain Mail Armor
53:59 Imperial Age
54:46 Bracer
55:17 Ring Archer Armor
55:51 Chemistry
59:53 Elite Longbowman
lex.18.1985gs
SmacTac
17:46 Feudal Age
18:18 Double-Bit Axe
18:22 Town Watch
20:39 Wheelbarrow
24:38 Stone Mining
25:23 Fletching
25:42 Loom
27:47 Forging
31:35 Castle Age
30:17 Horse Collar
30:59 Gold Mining
31:45 Padded Archer Armor
32:34 Hand Cart
34:18 Town Patrol
35:05 Murder Holes
36:27 Guard Tower
36:40 Heavy Plow
38:08 Ballistics
39:17 Stone Shaft Mining
45:04 Bow Saw
45:10 Bodkin Arrow
46:09 Gold Shaft Mining
48:59 Iron Casting
51:21 Imperial Age
52:13 Thunderclap Bombs
51:52 Arrowslits
52:10 Bracer
53:11 Blast Furnace
53:15 Chemistry
53:19 Leather Archer Armor
53:08 Scale Mail Armor
54:15 Conscription
Häslaus
3:08 Loom
16:37 Feudal Age
18:13 Wheelbarrow
17:24 Town Watch
18:17 Double-Bit Axe
24:53 Castle Age
31:49 Pikeman
34:50 Scale Mail Armor
34:56 Scale Barding Armor
35:01 Forging
35:11 Forging
37:11 Hand Cart
41:23 Imperial Age
41:44 Cavalier
49:11 Paladin
51:06 Elite Throwing Axeman
Connection lost

Rejoining the realm…

Still unreachable

The connection could not be restored.

Session expired

The server has moved on; the page needs a fresh start.